 Dungeon Crawl Stone Soup version 0.28.0-49-g6dfe1f597d (webtiles) character file.

Game seed: 17693747650129849818

923 101zpm the Magician (level 8, -1/50 HPs)
             Began as a Djinni Fire Elementalist on May 18, 2022.
             Slain by a hound (5 damage)
             ... on level 5 of the Dungeon.
             The game lasted 00:08:06 (4844 turns).

101zpm the Magician (Djinni Fire Elementalist)      Turns: 4844, Time: 00:08:07

Health: -1/50      AC:  3    Str:  7    XL:     8   Next: 31%
Gold:   181        EV: 13    Int: 20    God:
                   SH:  0    Dex: 13

rFire   + + .      SeeInvis .   (no weapon)
rCold   x . .      Faith    .   (no shield)
rNeg    . . .      Spirit   .   a - +0 robe
rPois   ∞          Reflect  .   b - +0 helmet
rElec   .          Harm     .   (no cloak)
rCorr   .          Rampage  .   (no gloves)
Will    .....                   (boots unavailable)
Stlth   ++........              (no amulet)
HPRegen 0.16/turn               (no ring)
MPRegen 0.00/turn               (no ring)

@: flying
A: sickness immunity, fire resistance 2, cold vulnerability 1, float, innate
caster, HP casting, extra vitality 1
a: no special abilities


You were on level 5 of the Dungeon.
You visited 1 branch of the dungeon, and saw 6 of its levels.

You collected 181 gold pieces.

Inventory:

Hand Weapons
 o - the +14 obsidian axe {vorpal, Mesm Drain Fly SInv}
   (You found it on level 5 of the Dungeon)

   It inflicts extra damage upon your enemies.
   It occasionally summons demons to assist the wielder when it strikes in
   combat.
   Its wielder is mesmerised by any visible foes.
   It cannot be unequipped while any foes are visible.
   SInv:      It lets you see invisible.
   Fly:       It grants you flight.
   Drain:     It drains your maximum health when unequipped.
Missiles
 c - 97 stones
Armour
 a - a +0 robe (worn)
 b - a +0 helmet (worn)
 l - an orb of energy
 m - a +2 pair of gloves
Wands
 g - a wand of flame (23)
Scrolls
 d - 2 scrolls of fog {unknown}
 e - 4 scrolls of identify {unknown}
 f - a scroll of enchant armour {unknown}
 h - a scroll of summoning {unknown}
 i - a scroll of silence {unknown}
 q - a scroll of teleportation {unknown}
 r - a scroll of noise {unknown}
Potions
 j - 2 potions of brilliance {unknown}
 k - a potion of curing
 n - a potion of mutation {unknown}
 p - a potion of degeneration {unknown}


   Skills:
 + Level 3.1 Dodging
 + Level 2.7 Stealth
 + Level 6.8 Spellcasting


You had one spell level left.
You knew the following spells:

 Your Spells              Type           Power      Damage    Failure   Level
a - Foxfire               Conj/Fire      100%       2x1d9     1%          1
b - Scorch                Fire           68%        2d8       1%          2
c - Conjure Flame         Conj/Fire      34%        6-21      1%          3
d - Inner Flame           Hex/Fire       34%        N/A       1%          3
e - Flame Wave            Conj/Fire      34%        2d8       5%          4
f - Beastly Appendage     Tmut           68%        N/A       1%          1
g - Searing Ray           Conj           68%        2d6       1%          2
h - Swiftness             Air            34%        N/A       1%          3
Your spell library was empty.

Dungeon Overview and Level Annotations

Branches:
Dungeon (6/15)
 Temple: D:4-7

Altars:
Ashenzari
Dithmenos
Kikubaaqudgha
Lugonu

Portals:
Abyss: D:5

Annotations:
D:4 2 runed translucent doors
D:5 2 runed translucent doors


Innate Abilities, Weirdness & Mutations

You are immune to sickness and miasma.
You are immune to poison.
Your flesh is very heat resistant. (rF++)
You are vulnerable to cold. (rC-)
You float through the air rather than walking.
You learn spells naturally, not from books.
Your magical power is your life essence.
You have superior vitality. (+4 MHP)


Message History

The gnoll is engulfed in blazing flames.
The gnoll explodes!
The fiery explosion engulfs the hound!
The hound is severely wounded.
The fiery explosion engulfs the jackal!!!
You kill the jackal!
The fiery explosion engulfs the gnoll!!!
The gnoll is burned terribly!
You kill the gnoll!
You feel a bit more experienced. The hound bites you.
* * * LOW HITPOINT WARNING * * *
The hound misses you.
You hear a loud, deep croak!
Casting: Scorch (safe; 1% risk of failure)
Confirm with . or Enter, or press ? or * to list all spells.
Flames lash the hound.
The hound is lightly wounded.
The hound's fire resistance burns away.
* * * LOW HITPOINT WARNING * * *
The hound bites you but does no damage. The hound closely misses you. x2
The hound bites you but does no damage. The hound misses you.
The hound bites you.
* * * LOW HITPOINT WARNING * * *
The hound is no longer more vulnerable to fire.
The hound barely misses you. The hound bites you.
* * * LOW HITPOINT WARNING * * *
The hound misses you.
There is an escape hatch in the ceiling here.
The hound closely misses you. The hound misses you.
A mysterious force pulls you upwards. The hatch slams shut behind you.
Level annotation: 2 runed translucent doors
Casting: Scorch (safe; 1% risk of failure)
Confirm with . or Enter, or press ? or * to list all spells.
Flames lash the hound.
The hound is heavily wounded.
The hound's fire resistance burns away.
* * * LOW HITPOINT WARNING * * *
The hound bites you.
You die...

#.# #.# #.###.# #.# #.# #.#
#.# #.# ###.########.# #.# #.#
#..........#.###.# ######.#
#...#####.##.....# .......#
#########.##.....### ########
#.........##........ ########
#.######..##........ ........
.<# #@.?.#............
.####### ...
#h##.#.####....... .#
(...#.#..#.# #....... .#
...#.#..#.# #....... .#
......#.# #....... .#
###+###.#..#.####..##### .#
###.#....<.....>..#..##### .#
#...######.....##.#....... .#
#####.#.#..........##.#'#####.


You could see a hound (combustible).

Vanquished Creatures
  Sigmund (D:2)
  A necrophage (D:5)
  An ogre (D:5)
  A phantom (D:4)
  A water moccasin zombie (D:5)
  A bullfrog zombie (D:5)
  A gnoll shaman (D:6)
  An orc priest (D:4)
  4 hounds
  2 iguanas (D:5)
  An orc wizard (D:4)
  A howler monkey zombie (D:6)
  8 gnolls
  2 adders (D:2)
  An ufetubus (D:4)
  An adder skeleton (D:4)
  2 dart slugs
  11 orcs
  2 bats (D:2)
  4 endoplasms
  2 giant cockroaches
  2 goblins (D:4)
  8 hobgoblins
  2 jackals
  5 kobolds
  A quokka (D:3)
  3 ball pythons (D:4)
  2 frilled lizards (D:2)
  3 rats (D:2)
75 creatures vanquished.

Vanquished Creatures (others)
  179 foxfires
179 creatures vanquished.

Grand Total: 254 creatures vanquished

Notes
Turn   | Place    | Note
-------+----------+-------------------------------------------
     0 | D:1      | 101zpm the Djinni Fire Elementalist began the quest for the
                  | Orb.
     0 | D:1      | Reached XP level 1. HP: 15/15 MP: 0/0
   107 | D:2      | Reached XP level 2. HP: 15/21 MP: 0/0
   109 | D:2      | Reached skill level 3 in Spellcasting
   109 | D:2      | Reached XP level 3. HP: 16/25 MP: 0/0
   109 | D:2      | Learned a level 1 spell: Beastly Appendage
   251 | D:2      | Noticed Sigmund
   256 | D:2      | Killed Sigmund
   257 | D:2      | Reached skill level 4 in Spellcasting
   257 | D:2      | Reached XP level 4. HP: 19/31 MP: 0/0
   257 | D:2      | Reached XP level 5. HP: 21/35 MP: 0/0
   257 | D:2      | Learned a level 2 spell: Searing Ray
   638 | D:2      | Reached XP level 6. HP: 28/40 MP: 0/0
  2081 | D:4      | Reached skill level 5 in Spellcasting
  2837 | D:4      | Reached XP level 7. HP: 37/45 MP: 0/0
  2837 | D:4      | Learned a level 3 spell: Swiftness
  2980 | D:4      | Found a large runed translucent door.
  2981 | D:4      | Found a large runed translucent door.
  3426 | D:5      | Entered Level 5 of the Dungeon
  3956 | D:5      | Reached skill level 6 in Spellcasting
  4051 | D:5      | Found a shadowy altar of Dithmenos.
  4053 | D:5      | Found a broken altar of Ashenzari.
  4079 | D:5      | Reached XP level 8. HP: 23/50 MP: 0/0
  4258 | D:5      | Found the +14 obsidian axe {vorpal, Mesm Drain Fly SInv}
  4496 | D:5      | Found a one-way gate to the infinite horrors of the Abyss.
  4496 | D:5      | Identified the +3 short sword of Xoblyst {distort, rC-
                  | Str+8 Dex+2}
  4563 | D:5      | Found a large runed translucent door.
  4564 | D:5      | Found a large runed translucent door.
  4564 | D:5      | Found a corrupted altar of Lugonu.
  4844 | D:5      | Slain by a hound

Illustrated notes

Levels and vault maps discovered:
D:1:      minmay_arrival_split_and_join, layout_basic,
          hellmonk_ecumenical_altar_run_dry, roderic_three_in_a_row
D:2:      minmay_diamond_boxcup, layout_basic, minmay_cupped, uniq_sigmund,
          uniq_jessica
D:3:      layout_rooms
D:4:      minmay_skewed_foursquare, layout_basic, jmf_multi_god_temple2
D:5:      due_chaos_kobolds, layout_basic, nicolae_overflow_hidden_temple
D:6:      black_bear_nest_1, layout_cave_pools, nicolae_vehumet_radiance,
          overflow_temple_1_default, minmay_temple_entry_grid,
          serial_gnoll_camp, gnoll_camp_mini_hut, gnoll_camp_medium_02,
          gnoll_camp_huts_moat, gnoll_camp_mini_basic, gnoll_camp_mini_basic,
          uniq_prince_ribbit1

Skill      XL: |  1  2  3  4  5  6  7 |
---------------+----------------------+-----
Spellcasting   | 3 4 5 6 |  6.8
Stealth        | 2 |  2.7
Dodging        | 3 |  3.1

Action                   |  1- 3 |  4- 6 |  7- 9 || total
-------------------------+-------+-------+-------++-------
 Cast: Foxfire           |    12 |    57 |    43 ||   112
       Scorch            |     3 |    36 |    31 ||    70
       Inner Flame       |     1 |    21 |     8 ||    30
       Searing Ray       |       |     1 |       ||     1
       Conjure Flame     |       |       |     1 ||     1
Armor: Robe              |       |     1 |     4 ||     5
Dodge: Dodged            |       |     9 |    20 ||    29
